 Dungeon Crawl Stone Soup version 0.21-a0-279-g6037ffb (webtiles) character file.

2819 tidbits the Fighter (level 9, 0/82 HPs)
             Began as a Purple Draconian Necromancer on Sept 23, 2017.
             Was a Believer of Makhleb.
             Slain by a steam dragon (7 damage)
             ... on level 9 of the Dungeon.
             The game lasted 00:26:31 (3707 turns).

tidbits the Fighter (Purple Draconian Necromancer)  Turns: 3707, Time: 00:26:32

Health: 0/82       AC:  9    Str: 11    XL:     9   Next: 45%
Magic:  5/16       EV: 17    Int: 24    God:    Makhleb [**....]
Gold:   87         SH:  0    Dex: 16    Spells: 5/17 levels left

rFire    . . .     SeeInvis .   e - +4 trident of Punishment {pierce, +Fly Int+6 Dex+2 Stlth-}
rCold    . . .     Gourm    .   (no shield)
rNeg     . . .     Faith    .   (armour unavailable)
rPois    .         Spirit   .   (helmet restricted)
rElec    .         Reflect  .   C - +0 cloak
rCorr    +         Harm     .   G - +0 pair of gloves
MR       +....                  (no boots)
Stlth    ++........             (no amulet)
HPRegen  0.23/turn              j - ring of resist corrosion
MPRegen  0.15/turn              H - ring of Trog's Favour {Dex+2 Stlth+}

@: short of breath
A: breathe power, unfitting armour, cold-blooded, AC +7
a: Breathe Dispelling Energy, Minor Destruction, Renounce Religion, Evoke Flight


You were on level 9 of the Dungeon.
You worshipped Makhleb.
Makhleb was pleased with you.
You were hungry.

You visited 2 branches of the dungeon, and saw 10 of its levels.

You collected 296 gold pieces.
You spent 209 gold pieces at shops.

Inventory:

Hand Weapons
 d - a +0 dagger
 e - the +4 trident of Punishment (weapon) {pierce, +Fly Int+6 Dex+2 Stlth-}
   (You found it on level 4 of the Dungeon)

   It inflicts extra damage upon your enemies.
   It affects your intelligence (+6).
   It affects your dexterity (+2).
   It lets you fly.
   It makes you less stealthy.
 l - a +0 short sword of protection
   (You took it off an orc on level 6 of the Dungeon)
 n - a cursed -2 short sword
 o - a +1 trident of flaming
   (You took it off an orc on level 3 of the Dungeon)
 u - a +1 vampiric trident
   (You took it off an orc on level 6 of the Dungeon)
Missiles
 y - 38 arrows
Armour
 C - a +0 cloak (worn)
 G - a +0 pair of gloves (worn)
Magical Staves
 B - a cursed staff of air {unknown}
   (You found it on level 7 of the Dungeon)
Jewellery
 j - a ring of resist corrosion (left hand)
   (You took it off a gnoll on level 4 of the Dungeon)
 p - an uncursed ring of flight
   (You found it on level 5 of the Dungeon)
 H - the ring of Trog's Favour (right hand) {Dex+2 Stlth+}
   (You found it on level 7 of the Dungeon)

   [ring of stealth]

   It affects your dexterity (+2).
   It makes you more stealthy.
Wands
 v - a wand of flame (21/48)
Scrolls
 c - 4 scrolls of teleportation
 g - a scroll of remove curse
 k - 3 scrolls of blinking
 m - a scroll of enchant armour {unknown}
 s - a scroll of recharging {unknown}
 w - a scroll of random uselessness {unknown}
 x - a scroll of acquirement {unknown}
 D - a scroll of fog {unknown}
 E - 2 scrolls of amnesia {unknown}
 I - a scroll of identify
Potions
 r - a potion of cancellation
 F - a potion of mutation {unknown}
Books
 a - a book of Necromancy

   Spells                             Type                      Level
   a - Pain                           Necromancy                   1
   b - Animate Skeleton               Necromancy                   1
   c - Vampiric Draining              Necromancy                   3
   d - Regeneration                   Charms/Necromancy            3
   e - Animate Dead                   Necromancy                   4
   f - Control Undead                 Necromancy                   4
 h - a book of Misfortune
   (You found it on level 7 of the Dungeon)

   Spells                             Type                      Level
   a - Confusing Touch                Hexes                        1
   b - Confuse                        Hexes                        3
   c - Gell's Gravitas                Translocation                3
   d - Petrify                        Transmutation/Earth          4
   e - Metabolic Englaciation         Hexes/Ice                    5
   f - Yara's Violent Unravelling     Hexes/Transmutation          5
 z - a book of Callings
   (You found it on level 8 of the Dungeon)

   Spells                             Type                      Level
   a - Summon Small Mammal            Summoning                    1
   b - Call Imp                       Summoning                    2
   c - Call Canine Familiar           Summoning                    3
   d - Summon Guardian Golem          Hexes/Summoning              3
   e - Summon Lightning Spire         Summoning/Air                4
   f - Summon Ice Beast               Ice/Summoning                4
Comestibles
 b - 2 bread rations
 f - 2 royal jellies
 t - 11 chunks of flesh


   Skills:
 + Level 8.8 Fighting
 + Level 7.5 Dodging
 - Level 1.7 Stealth
 - Level 4.7 Spellcasting
 - Level 6.6 Necromancy


You had 5 spell levels left.
You knew the following spells:

 Your Spells              Type           Power        Failure   Level  Hunger
a - Pain                  Necr           ####         1%          1    None
n - Animate Skeleton      Necr           N/A          1%          1    None
r - Regeneration          Chrm/Necr      ###.......   7%          3    ##.....
u - Control Undead        Necr           #####.....   6%          4    ####...
v - Vampiric Draining     Necr           #####.....   1%          3    ##.....


Dungeon Overview and Level Annotations

Branches:
Dungeon (9/15)             Temple (1/1) D:6
   Lair: D:8-11         Orc: D:9-12

Altars:
Ashenzari
Dithmenos
Hepliaklqana
Makhleb
Xom
Yredelemnul
The Shining One

Shops:
D:7 !?*

Annotations:
D:3 1 runed door


Innate Abilities, Weirdness & Mutations

You can breathe bolts of dispelling energy.
Your rich purple scales are hard. (AC +7)
You cannot fit into any form of body armour.
You are cold-blooded and may be slowed by cold attacks.


Message History

You feel a bit more experienced.
Nothing appears to happen.
You puncture the orc wizard!
You kill the orc wizard!
Makhleb accepts your kill.
You can now harness Makhleb's destructive might.
Items here: ))) [[ ††
Casting: Pain
Confirm with . or Enter, or press ? or * to list all spells.
You attempt to give life to the dead...
Before your eyes, flesh is ripped from the corpse!
The dead are walking!
t - 10 chunks of flesh (gained 4)
Items here: ))) [ † a dagger; a robe; a dagger of holy wrath; a club; an orc corpse Unknown command.
Casting: Animate Skeleton
Confirm with . or Enter, or press ? or * to list all spells.
You attempt to give life to the dead...
Before your eyes, flesh is ripped from the corpse!
The dead are walking!
t - 11 chunks of flesh (gained 1)
Things that are here:
a dagger; a robe; a dagger of holy wrath Unknown command.
You swap places.
You swap places.
Found a stone staircase leading down.
There is a stone staircase leading down here.
You swap places.
You swap places.
There is a stone staircase leading down here.
You climb downwards.
Your mindless thralls stay behind.
The orc hits you but does no damage.
The orc wizard casts a spell.
The orc wizard blinks!
The orc hits you with a whip. The orc barely misses you.
There is a stone staircase leading up here.
You closely miss the orc. The orc hits you but does no damage.
The orc hits you with a hand axe.
You hit the orc.
The orc is heavily wounded.
The orc closely misses you. The orc barely misses you.
You hit the orc.
You kill the orc!
Makhleb accepts your kill.
You feel better. The orc barely misses you.
The orc wizard points at you and mumbles some strange words.
The magic dart hits you! The orc misses you.
Attack whom?
Press: ? - help, Dir - move target cursor, f - orc wizard
Aim: an orc wizard, wielding a dagger and wearing a robe You reach to attack!
You puncture the orc wizard!
You kill the orc wizard!
Makhleb accepts your kill. The orc hits you with a whip.
Press: ? - help, Shift-Dir - straight line, f - orc
Aim: an orc, wielding a whip (heavily wounded)
You breathe a bolt of dispelling energy.
The bolt of dispelling energy hits the orc.
You kill the orc!
Makhleb accepts your kill.
The bolt of dispelling energy misses the steam dragon.
You are feeling hungry.
You puncture the steam dragon!
You tail-slap the steam dragon, but do no damage.
The steam dragon is moderately wounded.
The steam dragon barely misses you. The steam dragon closely misses you.
The steam dragon completely misses you. The steam dragon claws you.
You puncture the steam dragon!
The steam dragon is severely wounded.
The steam dragon breathes steam at you. The ball of steam hits you!
You barely miss the steam dragon.
You tail-slap the steam dragon, but do no damage.
The steam dragon is severely wounded.
You are engulfed in a cloud of scalding steam.
* * * LOW HITPOINT WARNING * * *
The steam dragon bites you.
* * * LOW HITPOINT WARNING * * *
The steam dragon barely misses you.
You hit the steam dragon but do no damage.
The steam dragon is severely wounded.
You are engulfed in a cloud of scalding steam.
* * * LOW HITPOINT WARNING * * *
The steam dragon breathes steam at you. The ball of steam hits you!
* * * LOW HITPOINT WARNING * * *
The steam dragon bites you.
* * * LOW HITPOINT WARNING * * *
The steam dragon claws you but does no damage.
The steam dragon bites you!
* * * LOW HITPOINT WARNING * * *
The steam dragon closely misses you.
Casting: Animate Skeleton
Confirm with . or Enter, or press ? or * to list all spells.
Aiming: Vampiric Draining
Press: ? - help, Shift-Dir - straight line, f - steam dragon
Aim: a steam dragon (severely wounded, catching its breath)
The steam dragon is almost dead.
You feel life coursing into your body. The steam dragon bites you!
You die...

.# .###
####... #....#
.########....#
..§)§.)@#....#
..§§§..§D....#
..<§...##<...#
..§...) #....#
.............#
.............#
.......##....#
.##.... ##+###
###+#


You could see a steam dragon.

Vanquished Creatures
  The ghost of Rhok the Fighter, a novice MiFi of Okawaru (D:8)
  A slime creature (D:8)
  An orc warrior (D:8)
  A porcupine (D:8)
  5 ogres
  2 centaurs
  2 bullfrogs
  A scorpion (D:4)
  2 crimson imps
  A bullfrog zombie (D:5)
  A hound (D:4)
  6 jellies
  3 orc priests
  5 orc wizards
  A hell rat (D:8)
  3 worker ants
  A hound skeleton (D:4)
  4 gnolls
  3 adders
  A river rat (D:8)
  2 shadow imps
  12 oozes
  An adder skeleton (D:5)
  2 dart slugs
  6 leopard geckos
  21 orcs
  4 giant cockroaches
  3 goblins
  4 hobgoblins
  5 jackals
  4 kobolds
  A quokka (D:8)
  2 ball pythons
  A bat (D:1)
  A frilled lizard (D:3)
  A goblin zombie (D:4)
  A hobgoblin zombie (D:4)
  A kobold skeleton (D:4)
  3 kobold zombies (D:4)
  An orc skeleton (D:4)
  3 orc zombies (D:4)
  A quokka zombie (D:8)
  6 rats
131 creatures vanquished.

Vanquished Creatures (collateral kills)
  A centaur (D:8)
  A bullfrog (D:6)
  3 jellies (D:8)
  A centaur skeleton (D:4)
  A worker ant (D:4)
  A hell rat (D:8)
  4 adders
  2 oozes (D:8)
  2 worms (D:4)
  3 orcs (D:4)
  A goblin skeleton (D:4)
20 creatures vanquished.

Vanquished Creatures (others)
  5 fungi (D:8)
5 creatures vanquished.

Grand Total: 156 creatures vanquished

Notes
Turn   | Place    | Note
-------+----------+-------------------------------------------
     0 | D:1      | tidbits the Draconian Necromancer began the quest for the Orb.
     0 | D:1      | Reached XP level 1. HP: 14/14 MP: 3/3
   252 | D:1      | Reached XP level 2. HP: 16/20 MP: 0/5
   664 | D:2      | Learned a level 1 spell: Animate Skeleton
   675 | D:3      | Found a shimmering altar of Xom.
   675 | D:3      | Found a shimmering altar of Xom.
   676 | D:3      | Found a shimmering altar of Xom.
   677 | D:3      | Found a shimmering altar of Xom.
   834 | D:3      | Found a runed door.
   962 | D:2      | Noticed a moth of wrath
   986 | D:3      | Reached XP level 3. HP: 14/26 MP: 2/6
   991 | D:3      | Learned a level 3 spell: Vampiric Draining
  1373 | D:3      | Reached skill level 5 in Necromancy
  1541 | D:3      | Reached XP level 4. HP: 14/33 MP: 4/8
  1546 | D:3      | Learned a level 3 spell: Regeneration
  1850 | D:4      | Noticed an ogre
  1859 | D:4      | Killed an ogre
  1859 | D:4      | Reached skill level 3 in Spellcasting
  1859 | D:4      | Reached XP level 5. HP: 27/38 MP: 1/9
  1870 | D:4      | Reached skill level 6 in Necromancy
  1979 | D:4      | Reached XP level 6. HP: 20/45 MP: 2/11
  2162 | D:4      | Learned a level 4 spell: Control Undead
  2165 | D:4      | Found a glowing golden altar of the Shining One.
  2243 | D:5      | Entered Level 5 of the Dungeon
  2281 | D:5      | Reached skill level 2 in Dodging
  2305 | D:5      | Found a shattered altar of Ashenzari.
  2361 | D:4      | Reached skill level 1 in Fighting
  2393 | D:4      | Got a smoking trident
  2394 | D:4      | Identified the +4 trident of Punishment {pierce, +Fly Int+6 Dex+2 Stlth-} (You found it on level 4 of the Dungeon)
  2558 | D:6      | Reached skill level 2 in Fighting
  2564 | D:6      | Your scales start taking on a rich purple colour.
  2564 | D:6      | Reached skill level 4 in Spellcasting
  2564 | D:6      | Reached XP level 7. HP: 49/56 MP: 0/14
  2608 | D:6      | Reached skill level 3 in Dodging
  2614 | D:6      | Reached skill level 3 in Fighting
  2646 | D:6      | Reached skill level 4 in Fighting
  2691 | D:6      | Reached skill level 4 in Dodging
  2719 | D:6      | Found a hazy altar of Hepliaklqana.
  2771 | D:6      | Found a shadowy altar of Dithmenos.
  2796 | D:6      | Found a staircase to the Ecumenical Temple.
  2805 | Temple   | Entered the Ecumenical Temple
  2818 | Temple   | Became a worshipper of Makhleb the Destroyer
  2868 | D:7      | Reached XP level 8. HP: 41/67 MP: 11/15
  2902 | D:7      | Found Kiadushro's Distillery.
  2918 | D:7      | Bought a potion of might for 48 gold pieces
  2918 | D:7      | Bought a potion of might for 48 gold pieces
  2918 | D:7      | Bought a potion of lignification for 36 gold pieces
  2918 | D:7      | Bought a potion of agility for 48 gold pieces
  2947 | D:7      | Reached skill level 5 in Fighting
  2951 | D:7      | Found Kiotarphy's Assorted Antiques.
  2954 | D:7      | Bought a scroll labeled DILIMU WODA for 29 gold pieces
  2976 | D:7      | Found a basalt altar of Yredelemnul.
  3023 | D:7      | Reached skill level 5 in Dodging
  3027 | D:7      | Found Ikhlih Udue's Magic Scroll Shop.
  3074 | D:7      | Got a coiled marble ring
  3076 | D:7      | Identified the ring of Trog's Favour {Dex+2 Stlth+} (You found it on level 7 of the Dungeon)
  3239 | D:8      | Noticed Rhok's ghost (novice MiFi)
  3274 | D:8      | Killed Rhok's ghost
  3274 | D:8      | Reached skill level 7 in Fighting
  3274 | D:8      | Reached skill level 6 in Dodging
  3323 | D:8      | Reached XP level 9. HP: 45/79 MP: 0/16
  3325 | D:8      | Reached * piety under Makhleb
  3459 | D:8      | HP: 8/81 [slime creature (15)]
  3464 | D:8      | Reached skill level 8 in Fighting
  3464 | D:8      | Reached skill level 7 in Dodging
  3626 | D:8      | Found a burning altar of Makhleb.
  3677 | D:8      | Reached ** piety under Makhleb
  3706 | D:9      | HP: 3/82 [steam dragon (10)]
  3707 | D:9      | Slain by a steam dragon

Vault maps used:
D:1:      grunt_arrival_crossed_arrows
D:2:      tgw_trog, first_bread, fountainhead, serial_bayou_crossing
D:3:      minivault_11, xom_redecorated, uniq_crazy_yiuf_cottage
D:4:      nicolae_tso_besieged_by_evil, dk_noncrumbling_4,
          minmay_misc_feat_plants
D:5:      vehumet_altar_wand_db, cheibrodos_ashenzari_chains
D:6:      lemuel_doored_altar, kennysheep_little_box,
          minmay_temple_entry_statues_fountains, hex_large
D:7:      kennysheep_mini_moat, serial_shops, shop, shop, kennysheep_mini
D:8:      lemuel_slime, zin_purify, dpeg_lair_monsters, basic_altar
D:9:      nicolae_overflow_crystal_walls, hangedman_ranch,
          nemelex_xobeh_ov_fountains_minmay, uniq_maurice
Temple:   nicolae_temple_figure_eight

Skill      XL: |  1  2  3  4  5  6  7  8  9 |
---------------+----------------------------+-----
Necromancy     | 5 6 |  6.6
Spellcasting   | 3 4 |  4.7
Dodging        | 2 4 6 7 |  7.5
Fighting       | 2 4 7 8 |  8.8
Stealth        | |  1.7

Action                   |  1- 3 |  4- 6 |  7- 9 || total
-------------------------+-------+-------+-------++-------
Melee: Dagger            |     7 |       |       ||     7
       Trident           |     3 |    95 |   204 ||   302
       Tailslap          |       |     2 |    22 ||    24
 Cast: Pain              |    82 |    40 |    22 ||   144
       Animate Skeleton  |     2 |     4 |    11 ||    17
       Vampiric Draining |     2 |     7 |    24 ||    33
       Regeneration      |       |     1 |       ||     1
       Control Undead    |       |     2 |       ||     2
 Abil: Breathe Dispellin |       |       |     5 ||     5
  Use: Potion            |       |     2 |     7 ||     9
       Scroll            |       |       |     6 ||     6
 Stab: Distracted        |       |     1 |     1 ||     2
       Sleeping          |       |     1 |     2 ||     3
  Eat: Chunk             |     4 |     1 |     7 ||    12
       Meat ration       |       |     1 |       ||     1
       Royal jelly       |       |       |     2 ||     2
Armor: Skin              |     6 |    52 |    74 ||   132
Dodge: Dodged            |    19 |    76 |   154 ||   249

Table legend:
 A = Spawn XP
 B = Non-spawn XP
 C = Spawn XP percentage of total XP
 D = Spawn monster count
 E = Non-spawn monster count
 F = Spawn count percentage of total count
 G = Total turns spent on level
                    A         B        C        D         E        F      G
               +---------+---------+-------+---------+---------+-------+---------
         Total |       0 |    4028 |   0.0 |       0 |     147 |   0.0 |  3707
               +---------+---------+-------+---------+---------+-------+---------
           D:1 |       0 |      25 |   0.0 |       0 |      11 |   0.0 |   572
           D:2 |       0 |       8 |   0.0 |       0 |       4 |   0.0 |   218
           D:3 |       0 |      81 |   0.0 |       0 |      21 |   0.0 |   860
           D:4 |       0 |     427 |   0.0 |       0 |      33 |   0.0 |   689
           D:5 |       0 |     107 |   0.0 |       0 |       5 |   0.0 |   198
           D:6 |       0 |     720 |   0.0 |       0 |      24 |   0.0 |   306
           D:7 |       0 |     321 |   0.0 |       0 |       7 |   0.0 |   344
           D:8 |       0 |    2293 |   0.0 |       0 |      39 |   0.0 |   479
           D:9 |       0 |      46 |   0.0 |       0 |       3 |   0.0 |    18
               +---------+---------+-------+---------+---------+-------+---------

Table legend:
 A = Turns spent in this place as a percentage of turns spent in the entire game.
 B = Non-inter-level travel turns spent in this place as a percentage of non-inter-level travel turns spent in the entire game.
 C = Inter-level travel turns spent in this place as a percentage of turns spent in this place.
 D = Turns resting spent in this place as a percentage of non-inter-level travel turns spent in this place.
 E = Turns spent auto-exploring this place as a percentage of non-inter-level travel turns spent in this place.
 F = Non-inter-level travel turns spent in this place divided by the number of levels of this place that you've seen.
                   A       B       C       D       E      F
               +-------+-------+-------+-------+-------+----------------------
         Total | 100.0 | 100.0 |   2.2 |   0.1 |   0.0 | 362.5
       Dungeon |  99.4 |  99.4 |   2.2 |   0.1 |   0.0 | 400.2
        Temple |   0.6 |   0.6 |   0.0 |   0.0 |   0.0 |  23.0
               +-------+-------+-------+-------+-------+----------------------

Table legend:
 A = Kills in this place as a percentage of kills in entire the game.
 B = Kills by you in this place as a percentage of kills by you in the entire game.
 C = Kills by friends in this place as a percentage of kills by friends in the entire game.
 D = Other kills in this place as a percentage of other kills in the entire game.
 E = Experience gained in this place as a percentage of experience gained in the entire game.
 F = Experience gained in this place divided by the number of levels of this place that you have seen.
                   A       B       C       D       E      F
               +-------+-------+-------+-------+-------+----------------------
         Total | 100.0 | 100.0 | 100.0 |   N/A | 100.0 | 402.8
       Dungeon | 100.0 | 100.0 | 100.0 |   N/A | 100.0 | 447.6
               +-------+-------+-------+-------+-------+----------------------

Vault maps used:
D:1:      grunt_arrival_crossed_arrows
D:2:      tgw_trog, first_bread, fountainhead, serial_bayou_crossing
D:3:      minivault_11, xom_redecorated, uniq_crazy_yiuf_cottage
D:4:      nicolae_tso_besieged_by_evil, dk_noncrumbling_4,
          minmay_misc_feat_plants
D:5:      vehumet_altar_wand_db, cheibrodos_ashenzari_chains
D:6:      lemuel_doored_altar, kennysheep_little_box,
          minmay_temple_entry_statues_fountains, hex_large
D:7:      kennysheep_mini_moat, serial_shops, shop, shop, kennysheep_mini
D:8:      lemuel_slime, zin_purify, dpeg_lair_monsters, basic_altar
D:9:      nicolae_overflow_crystal_walls, hangedman_ranch,
          nemelex_xobeh_ov_fountains_minmay, uniq_maurice
Temple:   nicolae_temple_figure_eight
